 Dungeon Crawl Stone Soup version 0.30-a0-534-gdc55766716 (webtiles) character file.

Game seed: 16874247581232819771

33 sammy202020 the Trooper (level 3, 29/29 HPs)
             Began as a Demonspawn Berserker on Dec 25, 2022.
             Was a Follower of Trog.
             Quit the game on level 2 of the Dungeon.
             The game lasted 00:02:24 (1109 turns).

sammy202020 the Trooper (Demonspawn Berserker)      Turns: 1109, Time: 00:02:24

Health: 29/29      AC:  7    Str: 17    XL:     3   Next: 12%
Magic:  3/3        EV: 12    Int: 10    God:    Trog [*.....]
Gold:   64         SH:  0    Dex: 12    Spells: 2/2 levels left

rFire   . . .      SeeInvis .    a - +1 hand axe (venom)
rCold   . . .      Faith    .    (no shield)
rNeg    . . .      Spirit   .    f - +1 leather armour
rPois   .          Reflect  .    (helmet restricted)
rElec   .          Harm     .    c - +2 cloak
rCorr   .          Rampage  .    (no gloves)
Will    .....                    (no boots)
Stlth   +                        (no amulet)
HPRegen 0.24/turn                p - ring of flight
MPRegen 0.08/turn                (no ring)

@: flying
A: antennae 1, claws 1
a: Renounce Religion, Berserk


You were on level 2 of the Dungeon.
You worshipped Trog.
Trog was aware of your devotion.
You visited 1 branch of the dungeon, and saw 2 of its levels.

You collected 64 gold pieces.

Inventory:

Hand Weapons
 a - a +1 hand axe of venom (weapon)
 j - a +0 flail
Missiles
 g - 2 boomerangs of dispersal (quivered)
Armour
 c - a +2 cloak (worn)
 f - a +1 leather armour (worn)
Jewellery
 p - a ring of flight (left claw)
Scrolls
 h - a scroll of magic mapping
 k - 2 scrolls of blinking
 l - 2 scrolls of identify
Potions
 b - a potion of attraction {unknown}
 d - 3 potions of flight
 e - a potion of invisibility {unknown}
 i - a potion of cancellation {unknown}
 m - 2 potions of brilliance {unknown}


   Skills:
 * Level 3.5 Fighting
 * Level 3.1 Axes
 + Level 2.0 Armour
 + Level 2.1 Dodging


You had 2 spell levels left.
You didn't know any spells.
Your spell library was empty.

Dungeon Overview and Level Annotations

Branches:
Dungeon (2/15)

Altars:


Innate Abilities, Weirdness & Mutations

You have a pair of small antennae on your head.
You have sharp fingernails.


Message History

You kill the frilled lizard!
Trog accepts your kill.
No target in view!
No target in view!
No target in view!
No target in view!
No target in view!
No target in view!
No target in view!
No target in view!
No target in view!
No target in view!
No target in view!
No target in view!
No target in view!
You see here a frilled lizard corpse.
Found a tower shield.
l - a scroll of identify You now have 64 gold pieces (gained 9).
No target in view!
You see here a +0 tower shield.
n - a +0 tower shield You drop a +0 tower shield.
There is a stone staircase leading down here.
You see here a +0 dagger.
Found a pair of gloves.
You see here a +0 pair of gloves.
l - 2 scrolls of identify (gained 1)
Found a stone staircase leading up.
d - 3 potions of flight (gained 1)
Found a club.
No target in view!
Unknown command.
Unknown command.
Unknown command.
Okay, then.
Okay, then.
Unknown command.
Okay, then.
Are you sure you want to abandon this character and quit the game? (Confirm with "yes".)

######### #.......####
#.##.......#
#.##.##.##.#####
#.##...........##)####
#.##.##.##.###@......#
#.##.##.##.# ####.##.#
#..<.......# #
####.####### #.# #.#
####.#### #.......#
#.##.##.#


There were no monsters in sight!

Vanquished Creatures
  An adder (D:2)
  6 endoplasms
  2 giant cockroaches (D:1)
  A goblin (D:1)
  2 hobgoblins (D:1)
  2 quokkas (D:1)
  2 ball pythons
  2 bats
  2 frilled lizards (D:2)
  A kobold (D:1)
  2 rats
23 creatures vanquished.

Notes
Turn   | Place    | Note
-------+----------+-------------------------------------------
     0 | D:1      | sammy202020 the Demonspawn Berserker began the quest for
                  | the Orb.
     0 | D:1      | Reached XP level 1. HP: 18/18 MP: 1/1
   227 | D:1      | Discovered your monstrous ancestry.
   227 | D:1      | Gained mutation: You have a pair of small antennae on your
                  | head. [demonic ancestry]
   227 | D:1      | Reached XP level 2. HP: 8/24 MP: 2/2
   838 | D:2      | Gained mutation: You have sharp fingernails. [demonic
                  | ancestry]
   838 | D:2      | Reached XP level 3. HP: 25/29 MP: 3/3
  1109 | D:2      | Quit the game

Illustrated notes

Levels and vault maps discovered:
D:1:      dpeg_arrival_rooms_with_view, layout_basic
D:2:      layout_loops_cross, nrook_loot_triangle

Skill      XL: |  1  2 |
---------------+-------+-----
Dodging        | 2 |  2.1
Axes           | 3 |  3.1
Armour         | 2 |  2.0
Fighting       | |  3.5

Action                   || total
-------------------------++-------
Melee: Hand axe          ||    76
       Punch             ||     1
  Use: Scroll            ||     7
 Stab: Sleeping          ||     1
Armor: Leather armour    ||    34
       Animal skin       ||     9
Dodge: Dodged            ||    64

Table legend: (Time is in decaauts)
 A = Elapsed time spent in this place.
 B = Non-inter-level travel time spent in this place.
 C = Inter-level travel time spent in this place.
 D = Time resting spent in this place.
 E = Time spent auto-exploring this place.
 F = Levels seen in this place.
 G = Mean time per level.
                   A        B        C        D        E       F      G
               +--------+--------+--------+--------+--------+-----+--------+
         Total |   1120 |   1120 |      0 |      0 |    805 |   2 |  560.0 |
       Dungeon |   1120 |   1120 |      0 |      0 |    805 |   2 |  560.0 |
               +--------+--------+--------+--------+--------+-----+--------+

Top non-repeatable levels by time:
     D:1: 741 daAuts
     D:2: 379 daAuts
